Flyers vs Golden Knights (R1)

Created - May 10, 2020 at 19:20

Goals
1 2 3 T
Flyers 1 3 2 6
Golden Knights 2 1 2 5
Shots
1 2 3 T
Flyers 10 13 13 36
Golden Knights 14 9 7 30

1st period

1. Golden Knights , Michael Frolik 40 (Ilya Kovalchuk 35, Andrei Loktionov 47) at 13:01 (PP)
2. Flyers , Jordan Nolan 24 (Chris Mcallister 14) at 14:31
3. Golden Knights , Michael Frolik 41 (Andrei Loktionov 48, Zach Bogosian 49) at 19:50 (PP)

Penalties :
Zach Bogosian (Vgs) for Hooking (Minor) at 9:02, Drew Miller (Phi) for Hooking (Minor) at 12:49, Jeff Carter (Phi) for Goalie Interference (Minor) at 13:25, Andrei Loktionov (Vgs) for Holding (Minor) at 14:19, Matt Stajan (Vgs) for Roughing (Minor) at 15:27, Jeff Woywitka (Phi) for High sticking (Minor) at 16:54, Jordan Nolan (Phi) for Tripping (Minor) at 19:37

2nd period

4. Flyers , J.T. Miller 25 (Jordan Nolan 34) at 3:35 (PP)
5. Golden Knights , Andrei Loktionov 26 (Matt Stajan 31, Michael Kostka 26) at 5:01 (SH)
6. Flyers , J.T. Miller 26 (Ryan Callahan 15, Jordan Nolan 35) at 10:58
7. Flyers , Jeff Carter 31 (Drew Miller 44, Jakub Voracek 44) at 14:22 (PP)

Penalties :
Matt Stajan (Vgs) for Hooking (Minor) at 2:47, Zach Bogosian (Vgs) for Hooking (Minor) at 4:08, Matt Stajan (Vgs) for Roughing (Minor) at 14:04, Matt Smaby (Phi) for Tripping (Minor) at 15:06, Brandon Bollig (Vgs) for Tripping (Minor) at 17:30

3rd period

8. Golden Knights , Jared Cowen 7 (Ilya Kovalchuk 36) at 0:34 (SH)
9. Flyers , Jeff Carter 32 (Drew Miller 45, Jakub Voracek 45) at 3:59
10. Golden Knights , Ilya Kovalchuk 26 (Matt Stajan 32, Michael Kostka 27) at 11:00
11. Flyers , Jordan Nolan 25 (J.T. Miller 35) at 17:16

Penalties :
Andrei Loktionov (Vgs) for Holding (Minor) at 0:28, Matt Smaby (Phi) for Holding (Minor) at 5:55, Zach Bogosian (Vgs) for High sticking (Minor) at 12:43

Goalie Stats

Steve Mason (Phi), 25 saves from 30 shots - (0.833), W, 36-24-9, 60:00 minutes
Robin Lehner (Vgs), 30 saves from 36 shots - (0.833), L, 31-29-9, 58:45 minutes

Players Stats for Flyers

Player Name              G  A  P  +/- PIM S  H  SB GA TA FO     MP     PP MP  PK MP  
------------------------------------------------------------------------------------
Brian Lashoff            0  0  0   0  0   1  0  1  0  0  0/0    11:11   0:00   0:48 
Brock Nelson             0  0  0   0  0   0  0  0  1  0  0/0     5:54   0:00   0:00 
Chris Mcallister         0  1  1   1  0   0  1  0  0  1  2/4    10:47   0:03   0:00 
Drew Miller              0  2  2  -1  2   3  2  0  1  3  0/3    24:32   8:43   1:49 
J.T. Miller              2  1  3   1  0   5  1  0  0  0  0/0    14:03   3:45   1:02 
Jakub Voracek            0  2  2  -1  0   4  3  0  0  0  1/5    24:33   8:43   1:49 
Jeff Carter              2  0  2  -1  2   4  3  0  0  0  21/47  26:07   8:46   3:12 
Jeff Woywitka            0  0  0   0  2   0  0  1  0  0  0/0    18:27   3:11   2:37 
Jonathan Ericsson        0  0  0   0  0   0  1  1  0  0  0/0    19:28   3:12   2:51 
Jordan Nolan             2  2  4   2  2   7  2  0  0  0  4/7    18:00   3:48   3:40 
Marcus Kruger            0  0  0   0  0   1  0  0  1  0  3/4    10:55   0:00   0:26 
Mats Zuccarello          0  0  0   0  0   0  1  1  0  0  0/0    10:04   0:00   0:00 
Matt Smaby               0  0  0   1  4   0  2  3  1  2  0/0    28:45   9:19   1:56 
Matthew Lombardi         0  0  0   0  0   1  0  1  0  0  1/2     7:37   0:00   1:30 
Nathan Beaulieu          0  0  0   0  0   1  0  2  0  0  0/0    12:04   0:00   2:10 
Oliver Ekman-Larsson     0  0  0   1  0   6  2  2  0  1  0/0    30:11   9:19   3:06 
Ryan Callahan            0  1  1   1  0   3  0  0  0  0  0/0    13:01   3:45   0:00 
Tomas Kubalik            0  0  0   0  0   0  1  0  0  0  0/0     5:54   0:00   0:00 

Players Stats for Golden Knights

Player Name              G  A  P  +/- PIM S  H  SB GA TA FO     MP     PP MP  PK MP  
------------------------------------------------------------------------------------
Alex Tanguay             0  0  0   0  0   0  0  0  0  1  0/1    10:32   0:00   0:25 
Andrei Loktionov         1  2  3   0  4   3  3  0  1  0  17/31  20:56   3:19   2:42 
Brandon Bollig           0  0  0   0  2   1  0  0  0  0  0/0     6:34   0:00   0:00 
Chris Higgins            0  0  0  -1  0   1  0  0  0  0  0/3    16:00   2:53   0:00 
Damien Brunner           0  0  0   0  0   0  1  0  0  0  0/0     6:05   0:00   0:00 
Ilya Kovalchuk           1  2  3  -1  0   5  1  0  1  1  18/25  23:27   3:51   8:19 
Jared Cowen              1  0  1   0  0   3  0  2  0  0  0/0    32:59   4:09   9:02 
Mathew Dumba             0  0  0   0  0   0  0  1  0  1  0/0    12:38   0:00   4:24 
Matt Stajan              0  2  2   0  6   1  2  1  0  0  2/4    15:30   3:24   3:08 
Maxim Lapierre           0  0  0   0  0   2  1  0  0  0  2/4    10:54   0:00   1:22 
Michael Frolik           2  0  2  -1  0   7  2  0  3  0  1/3    27:42   3:51   8:14 
Michael Kostka           0  2  2   0  0   0  1  0  0  0  0/0    19:24   2:35   3:29 
Nathan Paetsch           0  0  0  -1  0   1  0  0  0  0  0/0     7:37   0:00   0:00 
Ole-Kristian Tollefsen   0  0  0   0  0   0  2  0  0  1  0/0    19:24   2:35   3:29 
Patrice Cormier          0  0  0   0  0   0  0  0  0  0  0/1     6:05   0:00   0:00 
Steve Bernier            0  0  0   0  0   3  0  0  0  0  0/0     9:02   0:00   0:00 
Wayne Simmonds           0  0  0  -1  0   0  2  0  0  0  0/0    11:40   2:53   0:00 
Zach Bogosian            0  1  1  -1  6   3  2  0  2  0  0/0    28:23   4:09   4:38 

3 Stars

1 - Jordan Nolan (Phi)
2 - J.T. Miller (Phi)
3 - Michael Frolik (Vgs)

Power Play

Flyers - 2 on 9 Attempt(s) - 22.22%
Golden Knights - 2 on 6 Attempt(s) - 33.33%

Penalty Kill

Flyers - 4 on 6 Attempt(s) - 66.67% - Score 0 goal in Penalty Kill
Golden Knights - 7 on 9 Attempt(s) - 77.78% - Score 2 goal in Penalty Kill

Team Stat

Flyers - Hits : 19 - Faceoff Wins : 32 - Blocked Shots : 12 - Penalty Minutes : 12
Golden Knights - Hits : 17 - Faceoff Wins : 40 - Blocked Shots : 4 - Penalty Minutes : 18

Official

Referees : Unknown
Linesman : Unknown

Game Notes

No Game Note

Finance

Level 1 -- Attendance: 6000 (100.00%) -- Ticket Income $558,000
Level 2 -- Attendance: 4726 (94.52%) -- Ticket Income $278,834
Level 3 -- Attendance: 1955 (97.75%) -- Ticket Income $76,245
Level 4 -- Attendance: 3878 (96.95%) -- Ticket Income $104,706
Luxury Box -- Attendance: 1000 (100.00%) -- Ticket Income $160,000
Game was played at the Duff Garden.
Total Attendance: 17559 (97.55%)
Total Ticket Income: $1,177,785
Other Income: $176,668
Total Income: $1,354,453

Flyers

5 vs 5 Forward 
   Center                   Left Wing                Right Wing               Time % Phy DF OF 
 1 Jeff Carter              Drew Miller              Jakub Voracek            40     1   2  2  
 2 Jordan Nolan             J.T. Miller              Ryan Callahan            30     1   2  2  
 3 Marcus Kruger            Chris Mcallister         Mats Zuccarello          20     1   2  2  
 4 Matthew Lombardi         Brock Nelson             Tomas Kubalik            10     1   2  2  

5 vs 5 Defense 
   Defense                  Defense                                           Time % Phy DF OF 
 1 Oliver Ekman-Larsson     Matt Smaby                                        40     1   2  2  
 2 Jonathan Ericsson        Jeff Woywitka                                     30     1   2  2  
 3 Brian Lashoff            Nathan Beaulieu                                   20     1   2  2  
 4 Oliver Ekman-Larsson     Matt Smaby                                        10     1   2  2  

PowerPlay Forward 
   Center                   Left Wing                Right Wing               Time % Phy DF OF 
 1 Jeff Carter              Drew Miller              Jakub Voracek            60     1   2  2  
 2 Jordan Nolan             J.T. Miller              Ryan Callahan            40     1   2  2  

PowerPlay Defense
   Defense                  Defense                                           Time % Phy DF OF 
 1 Oliver Ekman-Larsson     Matt Smaby                                        60     1   2  2  
 2 Jonathan Ericsson        Jeff Woywitka                                     40     1   2  2  

Penalty Kill 4 Players Forward 
   Center                   Wing                     Time % Phy DF OF 
 1 Jeff Carter              Jordan Nolan             60     1   2  2  
 2 Jakub Voracek            Drew Miller              40     1   2  2  

Penalty Kill 4 Players Defense
   Defense                  Defense                  Time % Phy DF OF 
 1 Oliver Ekman-Larsson     Matt Smaby               60     1   2  2  
 2 Jonathan Ericsson        Jeff Woywitka            40     1   2  2  

Penalty Kill - 3 Players Forward 
   Forward                                           Time % Phy DF OF 
 1 Jeff Carter                                       60     1   2  2  
 2 Jordan Nolan                                      40     1   2  2  

Penalty Kill - 3 Players Defense
   Defense                  Defense                  Time % Phy DF OF 
 1 Oliver Ekman-Larsson     Matt Smaby               60     1   2  2  
 2 Jonathan Ericsson        Jeff Woywitka            40     1   2  2  

4 vs 4 Forward 
   Center                   Wing                     Time % Phy DF OF 
 1 Jeff Carter              Jordan Nolan             60     1   2  2  
 2 Jakub Voracek            Drew Miller              40     1   2  2  

4 vs 4 Defense
   Defense                  Defense                  Time % Phy DF OF 
 1 Oliver Ekman-Larsson     Matt Smaby               60     1   2  2  
 2 Jonathan Ericsson        Jeff Woywitka            40     1   2  2  

Last Minutes Offensive
   Center                   Left Wing                Right Wing               Defense                  Defense                  
   Jeff Carter              Drew Miller              Jakub Voracek            Oliver Ekman-Larsson     Matt Smaby               

Last Minutes Defensive
   Center                   Left Wing                Right Wing               Defense                  Defense                  
   Jeff Carter              Drew Miller              Jakub Voracek            Oliver Ekman-Larsson     Matt Smaby               

Goaltenders
Starting : Steve Mason              
Backup : Cam Ward                 

Extra Forwards
Normal : Chris Mcallister, Marcus Kruger, Matthew Lombardi - PP : Chris Mcallister, Marcus Kruger - PK : Matthew Lombardi
Extra Defensemen
Normal : Brian Lashoff, Nathan Beaulieu, Jonathan Ericsson - PP : Brian Lashoff - PK : Nathan Beaulieu, Jonathan Ericsson
Penalty Shots
Jeff Carter, Jordan Nolan, Jakub Voracek, Drew Miller, J.T. Miller

Scratches
None

Golden Knights

5 vs 5 Forward 
   Center                   Left Wing                Right Wing               Time % Phy DF OF 
 1 Andrei Loktionov         Chris Higgins            Michael Frolik           40     1   2  2  
 2 Matt Stajan              Ilya Kovalchuk           Wayne Simmonds           30     1   2  2  
 3 Maxim Lapierre           Alex Tanguay             Steve Bernier            20     1   2  2  
 4 Patrice Cormier          Brandon Bollig           Damien Brunner           10     1   2  2  

5 vs 5 Defense 
   Defense                  Defense                                           Time % Phy DF OF 
 1 Zach Bogosian            Jared Cowen                                       40     1   2  2  
 2 Michael Kostka           Ole-Kristian Tollefsen                            30     1   2  2  
 3 Nathan Paetsch           Mathew Dumba                                      20     1   2  2  
 4 Zach Bogosian            Jared Cowen                                       10     1   2  2  

PowerPlay Forward 
   Center                   Left Wing                Right Wing               Time % Phy DF OF 
 1 Andrei Loktionov         Ilya Kovalchuk           Michael Frolik           60     1   2  2  
 2 Matt Stajan              Chris Higgins            Wayne Simmonds           40     1   2  2  

PowerPlay Defense
   Defense                  Defense                                           Time % Phy DF OF 
 1 Zach Bogosian            Jared Cowen                                       60     1   2  2  
 2 Michael Kostka           Ole-Kristian Tollefsen                            40     1   2  2  

Penalty Kill 4 Players Forward 
   Center                   Wing                     Time % Phy DF OF 
 1 Ilya Kovalchuk           Michael Frolik           60     1   2  2  
 2 Andrei Loktionov         Matt Stajan              40     1   2  2  

Penalty Kill 4 Players Defense
   Defense                  Defense                  Time % Phy DF OF 
 1 Zach Bogosian            Jared Cowen              60     1   2  2  
 2 Michael Kostka           Ole-Kristian Tollefsen   40     1   2  2  

Penalty Kill - 3 Players Forward 
   Forward                                           Time % Phy DF OF 
 1 Ilya Kovalchuk                                    60     1   2  2  
 2 Michael Frolik                                    40     1   2  2  

Penalty Kill - 3 Players Defense
   Defense                  Defense                  Time % Phy DF OF 
 1 Zach Bogosian            Jared Cowen              60     1   2  2  
 2 Michael Kostka           Ole-Kristian Tollefsen   40     1   2  2  

4 vs 4 Forward 
   Center                   Wing                     Time % Phy DF OF 
 1 Ilya Kovalchuk           Michael Frolik           60     1   2  2  
 2 Andrei Loktionov         Matt Stajan              40     1   2  2  

4 vs 4 Defense
   Defense                  Defense                  Time % Phy DF OF 
 1 Zach Bogosian            Jared Cowen              60     1   2  2  
 2 Michael Kostka           Ole-Kristian Tollefsen   40     1   2  2  

Last Minutes Offensive
   Center                   Left Wing                Right Wing               Defense                  Defense                  
   Andrei Loktionov         Ilya Kovalchuk           Michael Frolik           Zach Bogosian            Jared Cowen              

Last Minutes Defensive
   Center                   Left Wing                Right Wing               Defense                  Defense                  
   Andrei Loktionov         Ilya Kovalchuk           Michael Frolik           Zach Bogosian            Jared Cowen              

Goaltenders
Starting : Robin Lehner             
Backup : Matt Hackett             

Extra Forwards
Normal : Alex Tanguay, Steve Bernier, Maxim Lapierre - PP : Alex Tanguay, Steve Bernier - PK : Maxim Lapierre
Extra Defensemen
Normal : Nathan Paetsch, Mathew Dumba, Michael Kostka - PP : Nathan Paetsch - PK : Mathew Dumba, Michael Kostka
Penalty Shots
Ilya Kovalchuk, Michael Frolik, Andrei Loktionov, Matt Stajan, Wayne Simmonds

Scratches
Vladimir Mihalik (Bruised Left Foot Injury)

% Time on Ice - Flyers

Lines # - Real PCT - Wanted PCT - Time Play
Normal Forward
1 - 34% - 40% - 12:46
2 - 24% - 30% - 9:19
3 - 26% - 20% - 10:04
4 - 16% - 10% - 5:54
Normal Defense
1 - 41% - 40% - 15:44
2 - 31% - 30% - 11:56
3 - 25% - 20% - 9:25
4 - 3% - 10% - 0:58
PP Forward
1 - 70% - 60% - 8:46
2 - 30% - 40% - 3:45
PP Defense
1 - 74% - 60% - 9:19
2 - 26% - 40% - 3:12
PK Forward
1 - 73% - 60% - 4:55
2 - 27% - 40% - 1:49
PK Defense
1 - 62% - 60% - 4:09
2 - 38% - 40% - 2:35
PK3 Forward
1 - 0% - 60%
2 - 0% - 40%
PK3 Defense
1 - 0% - 60%
2 - 0% - 40%
44 Forward
1 - 87% - 60% - 1:24
2 - 13% - 40% - 0:13
44 Defense
1 - 49% - 60% - 0:48
2 - 51% - 40% - 0:49
Last Minute Offensive  - 0:00
Last Minute Defensive  - 1:05
Total
Forward - 60:00
Defense - 60:00

% Time on Ice - Golden Knights

Lines # - Real PCT - Wanted PCT - Time Play
Normal Forward
1 - 36% - 40% - 13:43
2 - 24% - 30% - 9:14
3 - 24% - 20% - 9:02
4 - 16% - 10% - 6:05
Normal Defense
1 - 45% - 40% - 17:00
2 - 34% - 30% - 12:51
3 - 19% - 20% - 7:09
4 - 3% - 10% - 1:04
PP Forward
1 - 57% - 60% - 3:51
2 - 43% - 40% - 2:53
PP Defense
1 - 62% - 60% - 4:09
2 - 38% - 40% - 2:35
PK Forward
1 - 70% - 60% - 8:12
2 - 30% - 40% - 3:28
PK Defense
1 - 73% - 60% - 8:28
2 - 27% - 40% - 3:12
PK3 Forward
1 - 67% - 60% - 0:34
2 - 33% - 40% - 0:17
PK3 Defense
1 - 67% - 60% - 0:34
2 - 33% - 40% - 0:17
44 Forward
1 - 82% - 60% - 1:20
2 - 18% - 40% - 0:17
44 Defense
1 - 70% - 60% - 1:08
2 - 30% - 40% - 0:29
Last Minute Offensive  - 1:04
Last Minute Defensive  - 0:00
Total
Forward - 60:00
Defense - 60:00

Play-by-Play

1st period


0:01 of 1st period - Jeff Carter wins face-off versus Andrei Loktionov in neutral zone.
0:57 of 1st period - Slapshot by Maxim Lapierre.
0:57 of 1st period - Stopped by Steve Mason with a rebound.
0:59 of 1st period - Slapshot by Jared Cowen.
0:59 of 1st period - Stopped by Steve Mason without a rebound.
1:00 of 1st period - Matthew Lombardi wins face-off versus Maxim Lapierre in Flyers zone.
1:19 of 1st period - Snap shot by Maxim Lapierre.
1:19 of 1st period - Shot Blocked by Nathan Beaulieu.
1:21 of 1st period - Wrist shot by Steve Bernier.
1:21 of 1st period - Stopped by Steve Mason with a rebound.
1:29 of 1st period - Snap shot by Steve Bernier.
1:29 of 1st period - Stopped by Steve Mason with a rebound.
1:31 of 1st period - Slapshot by Nathan Paetsch.
1:31 of 1st period - Shot Misses the Net.
1:33 of 1st period - Snap shot by Steve Bernier.
1:33 of 1st period - Stopped by Steve Mason with a rebound.
1:35 of 1st period - Snap shot by Alex Tanguay.
1:35 of 1st period - Deflect By Maxim Lapierre.
1:35 of 1st period - Stopped by Steve Mason with a rebound.
2:02 of 1st period - Snap shot by Alex Tanguay.
2:02 of 1st period - Shot Blocked by Nathan Beaulieu.
2:04 of 1st period - Slapshot by Nathan Paetsch.
2:04 of 1st period - Stopped by Steve Mason without a rebound.
2:05 of 1st period - Jeff Carter wins face-off versus Andrei Loktionov in Flyers zone.
3:02 of 1st period - Snap shot by Mats Zuccarello.
3:02 of 1st period - Shot Misses the Net.
3:42 of 1st period - Slapshot by Ilya Kovalchuk.
3:42 of 1st period - Shot Blocked by Matt Smaby.
4:22 of 1st period - Snap shot by Ryan Callahan.
4:22 of 1st period - Shot Misses the Net.
4:38 of 1st period - Ole-Kristian Tollefsen is hit by Jeff Carter and loses puck.
5:03 of 1st period - Icing by Nathan Beaulieu.
5:04 of 1st period - Marcus Kruger wins face-off versus Andrei Loktionov in Flyers zone.
5:50 of 1st period - Wrist shot by Andrei Loktionov.
5:50 of 1st period - Stopped by Steve Mason without a rebound.
5:51 of 1st period - Jeff Carter wins face-off versus Matt Stajan in Flyers zone.
6:00 of 1st period - Snap shot by Jakub Voracek.
6:00 of 1st period - Shot Misses the Net.
6:16 of 1st period - Maxim Lapierre is hit by Jordan Nolan and loses puck.
6:23 of 1st period - Snap shot by Ryan Callahan.
6:23 of 1st period - Stopped by Robin Lehner without a rebound.
6:24 of 1st period - Jordan Nolan wins face-off versus Matt Stajan in Golden Knights zone.
7:19 of 1st period - Snap shot by Zach Bogosian.
7:19 of 1st period - Shot Blocked by Matt Smaby.
7:21 of 1st period - Slapshot by Jared Cowen.
7:21 of 1st period - Deflect By Patrice Cormier.
7:21 of 1st period - Shot Blocked by Matt Smaby.
7:21 of 1st period - Puck is out of play.
7:22 of 1st period - Jeff Carter wins face-off versus Andrei Loktionov in Flyers zone.
7:27 of 1st period - Backhand shot by Michael Frolik.
7:27 of 1st period - Shot Misses the Net.
8:13 of 1st period - Oliver Ekman-Larsson is hit by Damien Brunner and loses puck.
8:33 of 1st period - Snap shot by Ryan Callahan.
8:33 of 1st period - Stopped by Robin Lehner with a rebound.
8:35 of 1st period - Slapshot by Jeff Woywitka.
8:35 of 1st period - Deflect By Ryan Callahan.
8:35 of 1st period - Shot Misses the Net.
8:35 of 1st period - Puck is out of play.
8:36 of 1st period - Jakub Voracek wins face-off versus Chris Higgins in Golden Knights zone.
8:41 of 1st period - Snap shot by Jakub Voracek.
8:41 of 1st period - Stopped by Robin Lehner with a rebound.
8:43 of 1st period - Wrist shot by Brian Lashoff.
8:43 of 1st period - Stopped by Robin Lehner without a rebound.
8:44 of 1st period - Andrei Loktionov wins face-off versus Jeff Carter in Golden Knights zone.
8:44 of 1st period - Andrei Loktionov is hit by Jeff Carter.
8:53 of 1st period - Wrist shot by Jeff Carter.
8:53 of 1st period - Stopped by Robin Lehner without a rebound.
8:54 of 1st period - Andrei Loktionov wins face-off versus Jeff Carter in Golden Knights zone.
9:02 of 1st period - Minor Penalty to Zach Bogosian for Hooking.
9:03 of 1st period - Ilya Kovalchuk wins face-off versus Jeff Carter in Golden Knights zone.
9:11 of 1st period - Off-side.
9:12 of 1st period - Ilya Kovalchuk wins face-off versus Jeff Carter in neutral zone.
9:43 of 1st period - Slapshot by J.T. Miller.
9:43 of 1st period - Stopped by Robin Lehner with a rebound.
9:45 of 1st period - Slapshot by Oliver Ekman-Larsson.
9:45 of 1st period - Stopped by Robin Lehner with a rebound.
9:47 of 1st period - Slapshot by Matt Smaby.
9:47 of 1st period - Shot Misses the Net.
9:49 of 1st period - Slapshot by Oliver Ekman-Larsson.
9:49 of 1st period - Deflect By Ryan Callahan.
9:49 of 1st period - Shot Blocked by Matt Stajan.
9:49 of 1st period - Puck is out of play.
9:50 of 1st period - Jeff Carter wins face-off versus Ilya Kovalchuk in Golden Knights zone.
11:02 of 1st period - Penalty to Zach Bogosian is over, Zach Bogosian is back on ice.
11:22 of 1st period - Mathew Dumba is hit by Matt Smaby and loses puck.
12:21 of 1st period - Wrist shot by Ilya Kovalchuk.
12:21 of 1st period - Stopped by Steve Mason without a rebound.
12:22 of 1st period - Matt Stajan wins face-off versus Jeff Carter in Flyers zone.
12:45 of 1st period - Jonathan Ericsson is hit by Matt Stajan and loses puck.
12:49 of 1st period - Minor Penalty to Drew Miller for Hooking.
12:50 of 1st period - Andrei Loktionov wins face-off versus Jeff Carter in Flyers zone.
12:59 of 1st period - Snap shot by Ilya Kovalchuk.
12:59 of 1st period - Stopped by Steve Mason with a rebound.
13:01 of 1st period - Snap shot by Michael Frolik.
13:01 of 1st period - Deflect By Matt Smaby.
13:01 of 1st period - Goal by Michael Frolik - Flyers : 0 - Golden Knights : 1.
13:02 of 1st period - Andrei Loktionov wins face-off versus Jakub Voracek in neutral zone.
13:11 of 1st period - Slapshot by Jared Cowen.
13:11 of 1st period - Shot Misses the Net.
13:13 of 1st period - Snap shot by Zach Bogosian.
13:13 of 1st period - Deflect By Michael Frolik.
13:13 of 1st period - Stopped by Steve Mason with a rebound.
13:25 of 1st period - Minor Penalty to Jeff Carter for Goalie Interference.
13:26 of 1st period - Andrei Loktionov wins face-off versus Matthew Lombardi in Flyers zone.
14:19 of 1st period - Minor Penalty to Andrei Loktionov for Holding.
14:20 of 1st period - Chris Mcallister wins face-off versus Ilya Kovalchuk in Golden Knights zone.
14:23 of 1st period - Backhand shot by Oliver Ekman-Larsson.
14:23 of 1st period - Deflect By Jordan Nolan.
14:23 of 1st period - Stopped by Robin Lehner without a rebound.
14:24 of 1st period - Ilya Kovalchuk wins face-off versus Chris Mcallister in Golden Knights zone.
14:31 of 1st period - Wrist shot by Jordan Nolan.
14:31 of 1st period - Goal by Jordan Nolan - Flyers : 1 - Golden Knights : 1.
14:32 of 1st period - Ilya Kovalchuk wins face-off versus Chris Mcallister in neutral zone.
15:23 of 1st period - Icing by Zach Bogosian.
15:24 of 1st period - Chris Mcallister wins face-off versus Alex Tanguay in Golden Knights zone.
15:25 of 1st period - Penalty to Jeff Carter is over, Jeff Carter is back on ice.
15:25 of 1st period - Snap shot by Jordan Nolan.
15:25 of 1st period - Stopped by Robin Lehner with a rebound.
15:27 of 1st period - Minor Penalty to Matt Stajan for Roughing.
15:28 of 1st period - Jeff Carter wins face-off versus Ilya Kovalchuk in Golden Knights zone.
16:09 of 1st period - Snap shot by J.T. Miller.
16:09 of 1st period - Shot Misses the Net.
16:19 of 1st period - Penalty to Andrei Loktionov is over, Andrei Loktionov is back on ice.
16:54 of 1st period - Minor Penalty to Jeff Woywitka for High sticking.
16:55 of 1st period - Jeff Carter wins face-off versus Ilya Kovalchuk in Flyers zone.
16:59 of 1st period - Jeff Carter is hit by Ilya Kovalchuk and loses puck.
17:18 of 1st period - Brian Lashoff is hit by Andrei Loktionov and loses puck.
17:23 of 1st period - Snap shot by Andrei Loktionov.
17:23 of 1st period - Deflect By Alex Tanguay.
17:23 of 1st period - Shot Blocked by Brian Lashoff.
17:23 of 1st period - Puck is out of play.
17:24 of 1st period - Ilya Kovalchuk wins face-off versus Jakub Voracek in Flyers zone.
17:27 of 1st period - Penalty to Matt Stajan is over, Matt Stajan is back on ice.
17:57 of 1st period - Slapshot by Zach Bogosian.
17:57 of 1st period - Deflect By Michael Frolik.
17:57 of 1st period - Shot Misses the Net.
17:57 of 1st period - Puck is out of play.
17:58 of 1st period - Jeff Carter wins face-off versus Chris Higgins in Flyers zone.
17:58 of 1st period - Jeff Carter is hit by Wayne Simmonds.
18:54 of 1st period - Penalty to Jeff Woywitka is over, Jeff Woywitka is back on ice.
19:03 of 1st period - Off-side.
19:04 of 1st period - Maxim Lapierre wins face-off versus Marcus Kruger in neutral zone.
19:13 of 1st period - Steve Bernier is hit by Chris Mcallister and loses puck.
19:32 of 1st period - Slapshot by Zach Bogosian.
19:32 of 1st period - Stopped by Steve Mason without a rebound.
19:33 of 1st period - Andrei Loktionov wins face-off versus Jordan Nolan in Flyers zone.
19:37 of 1st period - Minor Penalty to Jordan Nolan for Tripping.
19:38 of 1st period - Jeff Carter wins face-off versus Michael Frolik in Flyers zone.
19:50 of 1st period - Wrist shot by Michael Frolik.
19:50 of 1st period - Goal by Michael Frolik - Flyers : 1 - Golden Knights : 2.
19:51 of 1st period - Andrei Loktionov wins face-off versus Jeff Carter in neutral zone.
19:54 of 1st period - Jakub Voracek is hit by Michael Frolik and loses puck.
19:58 of 1st period - Icing by Matt Smaby.
19:59 of 1st period - Andrei Loktionov wins face-off versus Jeff Carter in Flyers zone.
Goals for this period are 1 for Flyers vs 2 for Golden Knights.
Shots for this period are 10 for Flyers vs 14 for Golden Knights.

2nd period


0:01 of 2nd period - Andrei Loktionov wins face-off versus Jeff Carter in neutral zone.
0:42 of 2nd period - Oliver Ekman-Larsson is hit by Ole-Kristian Tollefsen and loses puck.
1:21 of 2nd period - Michael Frolik is hit by Tomas Kubalik and loses puck.
1:43 of 2nd period - Snap shot by Jakub Voracek.
1:43 of 2nd period - Shot Misses the Net.
2:05 of 2nd period - Wrist shot by J.T. Miller.
2:05 of 2nd period - Deflect By Ryan Callahan.
2:05 of 2nd period - Stopped by Robin Lehner without a rebound.
2:06 of 2nd period - Andrei Loktionov wins face-off versus Jeff Carter in Golden Knights zone.
2:11 of 2nd period - Chris Higgins is hit by Jakub Voracek and loses puck.
2:47 of 2nd period - Minor Penalty to Matt Stajan for Hooking.
2:48 of 2nd period - Jeff Carter wins face-off versus Ilya Kovalchuk in Golden Knights zone.
3:33 of 2nd period - Wrist shot by Drew Miller.
3:33 of 2nd period - Stopped by Robin Lehner without a rebound.
3:34 of 2nd period - Jordan Nolan wins face-off versus Andrei Loktionov in Golden Knights zone.
3:35 of 2nd period - Backhand shot by J.T. Miller.
3:35 of 2nd period - Goal by J.T. Miller - Flyers : 2 - Golden Knights : 2.
3:36 of 2nd period - Jeff Carter wins face-off versus Andrei Loktionov in neutral zone.
3:46 of 2nd period - Icing by Jared Cowen.
3:47 of 2nd period - Andrei Loktionov wins face-off versus Jeff Carter in Golden Knights zone.
3:47 of 2nd period - Andrei Loktionov is hit by Drew Miller.
4:08 of 2nd period - Minor Penalty to Zach Bogosian for Hooking.
4:09 of 2nd period - Ilya Kovalchuk wins face-off versus Jakub Voracek in Golden Knights zone.
4:09 of 2nd period - Ilya Kovalchuk is hit by Jakub Voracek.
4:14 of 2nd period - Ilya Kovalchuk is hit by Oliver Ekman-Larsson.
4:22 of 2nd period - Snap shot by Jeff Carter.
4:22 of 2nd period - Stopped by Robin Lehner without a rebound.
4:23 of 2nd period - Ilya Kovalchuk wins face-off versus Jeff Carter in Golden Knights zone.
4:23 of 2nd period - Ilya Kovalchuk is hit by Matt Smaby.
4:37 of 2nd period - Wrist shot by Drew Miller.
4:37 of 2nd period - Shot Misses the Net.
4:53 of 2nd period - Wrist shot by Michael Frolik.
4:53 of 2nd period - Stopped by Steve Mason with a rebound.
4:55 of 2nd period - Slapshot by Matt Stajan.
4:55 of 2nd period - Stopped by Steve Mason with a rebound.
4:59 of 2nd period - Snap shot by Matt Stajan.
4:59 of 2nd period - Shot Misses the Net.
5:01 of 2nd period - Wrist shot by Andrei Loktionov.
5:01 of 2nd period - Goal by Andrei Loktionov - Flyers : 2 - Golden Knights : 3.
5:02 of 2nd period - Ilya Kovalchuk wins face-off versus Drew Miller in neutral zone.
5:11 of 2nd period - Snap shot by Michael Frolik.
5:11 of 2nd period - Stopped by Steve Mason without a rebound.
5:12 of 2nd period - Ilya Kovalchuk wins face-off versus Drew Miller in Flyers zone.
5:19 of 2nd period - Wrist shot by Ilya Kovalchuk.
5:19 of 2nd period - Shot Misses the Net.
5:33 of 2nd period - Snap shot by Jakub Voracek.
5:33 of 2nd period - Shot Hit the Post.
5:59 of 2nd period - Slapshot by Oliver Ekman-Larsson.
5:59 of 2nd period - Stopped by Robin Lehner with a rebound.
6:01 of 2nd period - Snap shot by Drew Miller.
6:01 of 2nd period - Shot Misses the Net.
6:03 of 2nd period - Slapshot by Oliver Ekman-Larsson.
6:03 of 2nd period - Stopped by Robin Lehner without a rebound.
6:04 of 2nd period - Jordan Nolan wins face-off versus Andrei Loktionov in Golden Knights zone.
6:08 of 2nd period - Penalty to Zach Bogosian is over, Zach Bogosian is back on ice.
6:13 of 2nd period - Slapshot by Jordan Nolan.
6:13 of 2nd period - Stopped by Robin Lehner without a rebound.
6:14 of 2nd period - Jordan Nolan wins face-off versus Chris Higgins in Golden Knights zone.
6:41 of 2nd period - Snap shot by Mats Zuccarello.
6:41 of 2nd period - Shot Misses the Net.
7:28 of 2nd period - Snap shot by Michael Frolik.
7:28 of 2nd period - Stopped by Steve Mason with a rebound.
7:30 of 2nd period - Slapshot by Chris Higgins.
7:30 of 2nd period - Shot Blocked by Oliver Ekman-Larsson.
7:32 of 2nd period - Slapshot by Jared Cowen.
7:32 of 2nd period - Stopped by Steve Mason with a rebound.
7:34 of 2nd period - Wrist shot by Chris Higgins.
7:34 of 2nd period - Stopped by Steve Mason with a rebound.
7:51 of 2nd period - Slapshot by J.T. Miller.
7:51 of 2nd period - Stopped by Robin Lehner with a rebound.
8:11 of 2nd period - Marcus Kruger is hit by Ole-Kristian Tollefsen and loses puck.
9:10 of 2nd period - Brandon Bollig is hit by Jonathan Ericsson and loses puck.
10:02 of 2nd period - Brock Nelson is hit by Zach Bogosian and loses puck.
10:19 of 2nd period - Slapshot by Matthew Lombardi.
10:19 of 2nd period - Stopped by Robin Lehner without a rebound.
10:20 of 2nd period - Jeff Carter wins face-off versus Andrei Loktionov in Golden Knights zone.
10:58 of 2nd period - Wrist shot by J.T. Miller.
10:58 of 2nd period - Goal by J.T. Miller - Flyers : 3 - Golden Knights : 3.
10:59 of 2nd period - Andrei Loktionov wins face-off versus Jeff Carter in neutral zone.
11:25 of 2nd period - Jeff Woywitka is hit by Wayne Simmonds and loses puck.
12:43 of 2nd period - Chris Mcallister is hit by Andrei Loktionov and loses puck.
13:28 of 2nd period - Slapshot by Alex Tanguay.
13:28 of 2nd period - Deflect By Steve Bernier.
13:28 of 2nd period - Shot Misses the Net.
13:28 of 2nd period - Puck is out of play.
13:29 of 2nd period - Andrei Loktionov wins face-off versus Jordan Nolan in Flyers zone.
13:44 of 2nd period - Chris Higgins is hit by Oliver Ekman-Larsson and loses puck.
14:04 of 2nd period - Minor Penalty to Matt Stajan for Roughing.
14:05 of 2nd period - Jeff Carter wins face-off versus Ilya Kovalchuk in Golden Knights zone.
14:22 of 2nd period - Snap shot by Jeff Carter.
14:22 of 2nd period - Goal by Jeff Carter - Flyers : 4 - Golden Knights : 3.
14:23 of 2nd period - Andrei Loktionov wins face-off versus Jeff Carter in neutral zone.
14:36 of 2nd period - Wrist shot by Andrei Loktionov.
14:36 of 2nd period - Shot Blocked by Oliver Ekman-Larsson.
14:52 of 2nd period - Snap shot by Ilya Kovalchuk.
14:52 of 2nd period - Stopped by Steve Mason with a rebound.
15:06 of 2nd period - Minor Penalty to Matt Smaby for Tripping.
15:07 of 2nd period - Jeff Carter wins face-off versus Andrei Loktionov in Flyers zone.
15:24 of 2nd period - Slapshot by Zach Bogosian.
15:24 of 2nd period - Deflect By Andrei Loktionov.
15:24 of 2nd period - Stopped by Steve Mason with a rebound.
17:06 of 2nd period - Penalty to Matt Smaby is over, Matt Smaby is back on ice.
17:25 of 2nd period - Slapshot by Mats Zuccarello.
17:25 of 2nd period - Deflect By Marcus Kruger.
17:25 of 2nd period - Stopped by Robin Lehner without a rebound.
17:26 of 2nd period - Marcus Kruger wins face-off versus Patrice Cormier in Golden Knights zone.
17:30 of 2nd period - Minor Penalty to Brandon Bollig for Tripping.
17:31 of 2nd period - Jeff Carter wins face-off versus Ilya Kovalchuk in Golden Knights zone.
18:05 of 2nd period - Wrist shot by J.T. Miller.
18:05 of 2nd period - Stopped by Robin Lehner with a rebound.
18:23 of 2nd period - Michael Frolik is hit by Drew Miller and loses puck.
19:02 of 2nd period - Matt Stajan is hit by Jakub Voracek and loses puck.
19:30 of 2nd period - Penalty to Brandon Bollig is over, Brandon Bollig is back on ice.
Goals for this period are 3 for Flyers vs 1 for Golden Knights.
Shots for this period are 13 for Flyers vs 9 for Golden Knights.

3rd period


0:01 of 3rd period - Andrei Loktionov wins face-off versus Jeff Carter in neutral zone.
0:28 of 3rd period - Minor Penalty to Andrei Loktionov for Holding.
0:29 of 3rd period - Ilya Kovalchuk wins face-off versus Jeff Carter in Golden Knights zone.
0:34 of 3rd period - Slapshot by Jared Cowen.
0:34 of 3rd period - Deflect By Matt Smaby.
0:34 of 3rd period - Goal by Jared Cowen - Flyers : 4 - Golden Knights : 4.
0:35 of 3rd period - Ilya Kovalchuk wins face-off versus Jeff Carter in neutral zone.
0:38 of 3rd period - Slapshot by Zach Bogosian.
0:38 of 3rd period - Stopped by Steve Mason without a rebound.
0:39 of 3rd period - Ilya Kovalchuk wins face-off versus Jeff Carter in Flyers zone.
0:40 of 3rd period - Snap shot by Michael Frolik.
0:40 of 3rd period - Shot Misses the Net.
0:50 of 3rd period - Wrist shot by Jakub Voracek.
0:50 of 3rd period - Stopped by Robin Lehner without a rebound.
0:51 of 3rd period - Ilya Kovalchuk wins face-off versus Jeff Carter in Golden Knights zone.
1:24 of 3rd period - Snap shot by Jordan Nolan.
1:24 of 3rd period - Stopped by Robin Lehner with a rebound.
1:26 of 3rd period - Wrist shot by Jonathan Ericsson.
1:26 of 3rd period - Deflect By Jordan Nolan.
1:26 of 3rd period - Stopped by Robin Lehner with a rebound.
2:15 of 3rd period - Icing by Oliver Ekman-Larsson.
2:16 of 3rd period - Maxim Lapierre wins face-off versus Jeff Carter in Flyers zone.
2:28 of 3rd period - Penalty to Andrei Loktionov is over, Andrei Loktionov is back on ice.
2:29 of 3rd period - Slapshot by Oliver Ekman-Larsson.
2:29 of 3rd period - Shot Misses the Net.
3:12 of 3rd period - Matthew Lombardi is hit by Maxim Lapierre and loses puck.
3:57 of 3rd period - Snap shot by Drew Miller.
3:57 of 3rd period - Shot Misses the Net.
3:59 of 3rd period - Snap shot by Jeff Carter.
3:59 of 3rd period - Goal by Jeff Carter - Flyers : 5 - Golden Knights : 4.
4:00 of 3rd period - Michael Frolik wins face-off versus Jeff Carter in neutral zone.
4:03 of 3rd period - Slapshot by Zach Bogosian.
4:03 of 3rd period - Stopped by Steve Mason with a rebound.
4:41 of 3rd period - J.T. Miller is hit by Zach Bogosian and loses puck.
5:46 of 3rd period - Chris Mcallister is hit by Andrei Loktionov and loses puck.
5:55 of 3rd period - Minor Penalty to Matt Smaby for Holding.
5:56 of 3rd period - Andrei Loktionov wins face-off versus Jeff Carter in Flyers zone.
7:30 of 3rd period - Brian Lashoff is hit by Michael Frolik.
7:55 of 3rd period - Penalty to Matt Smaby is over, Matt Smaby is back on ice.
8:31 of 3rd period - Snap shot by Patrice Cormier.
8:31 of 3rd period - Shot Blocked by Matthew Lombardi.
9:39 of 3rd period - Snap shot by Brandon Bollig.
9:39 of 3rd period - Stopped by Steve Mason with a rebound.
9:41 of 3rd period - Wrist shot by Brandon Bollig.
9:41 of 3rd period - Shot Misses the Net.
9:51 of 3rd period - Marcus Kruger is hit by Michael Kostka and loses puck.
10:43 of 3rd period - Wrist shot by Matthew Lombardi.
10:43 of 3rd period - Shot Hit the Post.
10:53 of 3rd period - Jeff Carter is hit by Matt Stajan and loses puck.
10:58 of 3rd period - Wrist shot by Matt Stajan.
10:58 of 3rd period - Shot Blocked by Jeff Woywitka.
11:00 of 3rd period - Snap shot by Ilya Kovalchuk.
11:00 of 3rd period - Goal by Ilya Kovalchuk - Flyers : 5 - Golden Knights : 5.
11:01 of 3rd period - Jeff Carter wins face-off versus Andrei Loktionov in neutral zone.
11:03 of 3rd period - Off-side.
11:04 of 3rd period - Jeff Carter wins face-off versus Andrei Loktionov in neutral zone.
11:06 of 3rd period - Off-side.
11:07 of 3rd period - Jeff Carter wins face-off versus Andrei Loktionov in neutral zone.
11:29 of 3rd period - Slapshot by Jeff Carter.
11:29 of 3rd period - Shot Misses the Net.
11:31 of 3rd period - Snap shot by Jeff Carter.
11:31 of 3rd period - Shot Blocked by Jared Cowen.
11:33 of 3rd period - Wrist shot by Jakub Voracek.
11:33 of 3rd period - Shot Misses the Net.
11:35 of 3rd period - Slapshot by Jakub Voracek.
11:35 of 3rd period - Stopped by Robin Lehner without a rebound.
11:36 of 3rd period - Matt Stajan wins face-off versus Jordan Nolan in Golden Knights zone.
11:36 of 3rd period - Matt Stajan is hit by Jordan Nolan.
12:12 of 3rd period - Wrist shot by Maxim Lapierre.
12:12 of 3rd period - Shot Blocked by Jonathan Ericsson.
12:43 of 3rd period - Minor Penalty to Zach Bogosian for High sticking.
12:44 of 3rd period - Ilya Kovalchuk wins face-off versus Jakub Voracek in Golden Knights zone.
12:56 of 3rd period - Snap shot by Jakub Voracek.
12:56 of 3rd period - Stopped by Robin Lehner without a rebound.
12:57 of 3rd period - Ilya Kovalchuk wins face-off versus Drew Miller in Golden Knights zone.
13:03 of 3rd period - Icing by Matt Smaby.
13:04 of 3rd period - Ilya Kovalchuk wins face-off versus Jeff Carter in Flyers zone.
13:15 of 3rd period - Slapshot by Oliver Ekman-Larsson.
13:15 of 3rd period - Stopped by Robin Lehner with a rebound.
13:17 of 3rd period - Slapshot by Oliver Ekman-Larsson.
13:17 of 3rd period - Deflect By Drew Miller.
13:17 of 3rd period - Stopped by Robin Lehner without a rebound.
13:18 of 3rd period - Ilya Kovalchuk wins face-off versus Jeff Carter in Golden Knights zone.
13:29 of 3rd period - Snap shot by Drew Miller.
13:29 of 3rd period - Stopped by Robin Lehner with a rebound.
13:31 of 3rd period - Slapshot by Oliver Ekman-Larsson.
13:31 of 3rd period - Stopped by Robin Lehner without a rebound.
13:32 of 3rd period - Ilya Kovalchuk wins face-off versus Jeff Carter in Golden Knights zone.
14:01 of 3rd period - Wrist shot by Jakub Voracek.
14:01 of 3rd period - Shot Blocked by Mathew Dumba.
14:11 of 3rd period - Michael Frolik is hit by J.T. Miller and loses puck.
14:43 of 3rd period - Penalty to Zach Bogosian is over, Zach Bogosian is back on ice.
16:57 of 3rd period - Damien Brunner is hit by Jeff Carter and loses puck.
17:16 of 3rd period - Snap shot by Jordan Nolan.
17:16 of 3rd period - Goal by Jordan Nolan - Flyers : 6 - Golden Knights : 5.
17:17 of 3rd period - Marcus Kruger wins face-off versus Maxim Lapierre in neutral zone.
17:32 of 3rd period - Wrist shot by Maxim Lapierre.
17:32 of 3rd period - Deflect By Alex Tanguay.
17:32 of 3rd period - Shot Blocked by Mats Zuccarello.
17:32 of 3rd period - Puck is out of play.
17:33 of 3rd period - Andrei Loktionov wins face-off versus Jeff Carter in Flyers zone.
17:40 of 3rd period - Slapshot by Oliver Ekman-Larsson.
17:40 of 3rd period - Stopped by Robin Lehner with a rebound.
18:00 of 3rd period - Michael Kostka is hit by Mats Zuccarello and loses puck.
18:27 of 3rd period - Snap shot by Brock Nelson.
18:27 of 3rd period - Shot Blocked by Jared Cowen.
18:29 of 3rd period - Slapshot by Nathan Beaulieu.
18:29 of 3rd period - Shot Misses the Net.
18:31 of 3rd period - Slapshot by Nathan Beaulieu.
18:31 of 3rd period - Deflect By Zach Bogosian.
18:31 of 3rd period - Stopped by Robin Lehner without a rebound.
18:32 of 3rd period - Jeff Carter wins face-off versus Michael Frolik in Golden Knights zone.
18:45 of 3rd period - Golden Knights, Robin Lehner is pulled from the net.
19:23 of 3rd period - Snap shot by Ilya Kovalchuk.
19:23 of 3rd period - Stopped by Steve Mason without a rebound.
19:24 of 3rd period - Jacques Martin call a timeout for Golden Knights.
19:24 of 3rd period - Jeff Carter wins face-off versus Andrei Loktionov in Flyers zone.
19:29 of 3rd period - Wrist shot by Andrei Loktionov.
19:29 of 3rd period - Shot Misses the Net.
19:41 of 3rd period - Backhand shot by Michael Frolik.
19:41 of 3rd period - Stopped by Steve Mason without a rebound.
19:42 of 3rd period - Jeff Carter wins face-off versus Andrei Loktionov in Flyers zone.
19:55 of 3rd period - Snap shot by Michael Frolik.
19:55 of 3rd period - Shot Misses the Net.
Goals for this period are 2 for Flyers vs 2 for Golden Knights.
Shots for this period are 13 for Flyers vs 7 for Golden Knights.